 Dungeon Crawl Stone Soup version 0.23.2-33-g5129a83184 (webtiles) character file.

Game seed: 2445290032724067254

30 FishyPogo the Ducker (level 3, -1/36 HPs)
             Began as a Merfolk Air Elementalist on July 23, 2019.
             Slain by a gnoll
             ... wielding a +0 flail
              (7 damage)
             ... on level 2 of the Dungeon.
             The game lasted 00:07:06 (981 turns).

FishyPogo the Ducker (Merfolk Air Elementalist)      Turns: 981, Time: 00:07:07

Health: -1/36      AC:  2    Str: 11 (13) XL:     3   Next: 20%
Magic:  0/6        EV: 13    Int: 12 (15) God:
Gold:   39         SH:  0    Dex: 13 (14) Spells: 5/6 levels left

rFire    . . .     SeeInvis .   d - +0 hand axe
rCold    . . .     Gourm    .   (no shield)
rNeg     . . .     Faith    .   j - +0 robe
rPois    .         Spirit   .   (no helmet)
rElec    .         Reflect  .   (no cloak)
rCorr    .         Harm     .   (no gloves)
MR       .....                  (no boots)
Stlth    ..........             (no amulet)
HPRegen  0.12/turn              (no ring)
MPRegen  0.10/turn              (no ring)

@: berserking, very quick
A: change form in water, swift swim, stealthy swim
a: no special abilities


You were on level 2 of the Dungeon.
You were not hungry.

You visited 1 branch of the dungeon, and saw 2 of its levels.

You collected 39 gold pieces.

Inventory:

Hand Weapons
 d - a +0 hand axe (weapon)
Armour
 a - a +0 robe
 b - a +0 robe
 j - a +0 robe (worn)
Scrolls
 e - 2 scrolls of remove curse
Comestibles
 c - a ration
 f - a chunk of flesh


   Skills:
 + Level 3.1 Dodging
 + Level 2.4 Stealth
 * Level 2.4 Spellcasting
 * Level 1.2 Conjurations
 * Level 2.7 Air Magic


You had 5 spell levels left.
You knew the following spells:

 Your Spells              Type           Power        Failure   Level  Hunger
a - Shock                 Conj/Air       #...         12%         1    ##.....

Your spell library contained the following spells:

 Spells                   Type           Power        Failure   Level  Hunger
 Swiftness                Chrm/Air       #.......     22%         2    ###....
 Static Discharge         Conj/Air       #.......     34%         3    ####...
 Airstrike                Air            #.........   63%         4    #####..
 Lightning Bolt           Conj/Air       #.........   97%         5    ######.


Dungeon Overview and Level Annotations

Branches:
Dungeon (2/15)

Altars:


Message History

The gnoll is lightly wounded.
Casting: Shock (safe; 12% risk of failure)
Confirm with . or Enter, or press ? or * to list all spells.
Okay, then.
Casting: Shock (safe; 12% risk of failure)
Confirm with . or Enter, or press ? or * to list all spells.
You don't have enough magic to cast that spell.
It was a potion of berserk rage.
A red film seems to cover your vision as you go berserk!
You feel yourself moving faster!
You feel mighty!
You barely miss the gnoll. The gnoll closely misses you.
You hit the gnoll.
The gnoll is lightly wounded.
The gnoll hits you with a +0 flail!
* * * LOW HITPOINT WARNING * * *
The gnoll misses you.
You hit the gnoll.
The gnoll is heavily wounded.
The gnoll hits you with a +0 flail!
You die...

.##.####...................## #.#
%##.# ###..................# #.#
g.#.# ###...#...............# #.#
..#.###.....#...............##...
.....g..#.#....................#
.....####.#..................###
............#...............##
......########gg)............##
...).## ###.@....)....##..###
....## #.....#.#####........
###.. #.....#...###)...##.< ##.
#.....###............ . #.....#
#####....##.. #....## #<...####
#....# #....# #....# ######
#....#


You could see 2 gnolls.

Vanquished Creatures
  A gnoll (D:2)
  2 leopard geckos (D:2)
  A bat (D:2)
  4 giant cockroaches
  6 hobgoblins
  A kobold (D:1)
15 creatures vanquished.

Notes
Turn   | Place    | Note
-------+----------+-------------------------------------------
     0 | D:1      | FishyPogo the Merfolk Air Elementalist began the quest for
                  | the Orb.
     0 | D:1      | Reached XP level 1. HP: 13/13 MP: 3/3
   402 | D:1      | Reached XP level 2. HP: 19/19 MP: 0/5
   587 | D:2      | Reached skill level 3 in Dodging
   641 | D:2      | Reached skill level 1 in Conjurations
   976 | D:2      | Reached XP level 3. HP: 10/24 MP: 1/6
   981 | D:2      | Slain by a gnoll

Skill      XL: |  1  2 |
---------------+-------+-----
Dodging        | 3 |  3.1
Conjurations   | 1 |  1.2
Stealth        | |  2.4
Spellcasting   | |  2.4
Air Magic      | |  2.7

Action                   || total
-------------------------++-------
Melee: Hand axe          ||    39
 Cast: Shock             ||    36
  Use: Scroll            ||     4
       Potion            ||     3
  Eat: Chunk             ||     1
Armor: Robe              ||    12
Dodge: Dodged            ||    39
